 Dungeon Crawl Stone Soup version 0.29-a0-43-g62a80824bf (webtiles) character file.

Game seed: 16254878637224898122

48 testman the Insei (level 3, -6/25 HPs)
             Began as an Octopode Transmuter on Feb 2, 2022.
             Mangled by a gnoll (13 damage)
             ... on level 2 of the Dungeon.
             The game lasted 00:03:36 (1394 turns).

testman the Insei (Octopode Transmuter)             Turns: 1394, Time: 00:03:36

Health: -6/25      AC:  2    Str: 11    XL:     3   Next: 72%
Magic:  4/6        EV: 19    Int: 15    God:
Gold:   29         SH:  0    Dex: 17    Spells: 0/6 levels left

rFire   . . .      SeeInvis .     - Unarmed
rCold   . . .      Faith    .   (shield currently unavailable)
rNeg    . . .      Spirit   .   (helmet currently unavailable)
rPois   x          Reflect  .   (no amulet)
rElec   .          Harm     .   (no ring)
rCorr   .          Rampage  .   (no ring)
Will    .....                   (no ring)
Stlth   ++........              (no ring)
HPRegen 0.08/turn               (no ring)
MPRegen 0.10/turn               (no ring)
                                (no ring)
                                (no ring)

@: spider-form (expiring)
A: venomous fangs, almost no armour, (amphibious), 8 rings, tiny, (camouflage
1), (gelatinous body 1), (nimble swimmer 1), (tentacles)
a: End Transformation


You were on level 2 of the Dungeon.
You were a venomous arachnid creature.
You visited 1 branch of the dungeon, and saw 2 of its levels.

You collected 29 gold pieces.

Inventory:

Missiles
 a - 25 sling bullets
 c - 63 stones
Scrolls
 f - a scroll of identify {unknown}
Potions
 b - 3 potions of heal wounds {unknown}
 d - a potion of degeneration {unknown}
 e - a potion of curing {unknown}


   Skills:
 + Level 2.5 Fighting
 - Level 2.0 Dodging
 + Level 3.8 Unarmed Combat
 - Level 2.0 Spellcasting
 + Level 2.0 Transmutations
 + Level 0.0 Poison Magic


You couldn't memorise any spells.
You knew the following spells:

 Your Spells              Type           Power      Damage    Failure   Level
a - Beastly Appendage     Tmut           14%        N/A       24%         1
b - Wereblood             Tmut           7%         N/A       32%         2
c - Spider Form           Tmut/Pois      4%         N/A       63%         3

Your spell library contained the following spells:

 Spells                   Type           Power      Damage    Failure   Level
 Ice Form                 Ice/Tmut       4%         N/A       93%         4


Dungeon Overview and Level Annotations

Branches:
Dungeon (2/15)

Altars:


Innate Abilities, Weirdness & Mutations

You are a venomous arachnid creature.
You have poisonous fangs.
You are tiny and dextrous.
Your spellcasting is less reliable in this form.
Your armour is entirely melded.
You are incapable of wielding weapons or throwing items.
You cannot wear most types of armour.
((You are amphibious.))
You can wear up to eight rings at the same time.
((Your skin changes colour to match your surroundings (Stealth+).))
((Your rubbery body absorbs attacks. (AC +1, EV +1)))
((You are camouflaged when in or above water. (Stealth+)))
((You have tentacles for arms and can constrict up to eight enemies at once.))


Message History

Your tentacle spike disappears.
You start resting.
HP restored.
Casting: Beastly Appendage (safe; 10% risk of failure)
Confirm with . or Enter, or press ? or * to list all spells.
The spell is extremely dangerous to miscast (41% risk of failure)!
Continue anyway?
You turn into a venomous arachnid creature.
Casting: Spider Form (potentially lethal; 63% risk of failure)
Confirm with . or Enter, or press ? or * to list all spells.
The spell is quite dangerous to miscast (32% risk of failure)!
Continue anyway? [Y]es or [N]o only, please.
The spell is quite dangerous to miscast (32% risk of failure)!
Continue anyway?
Okay, then.
Unknown command.
Casting: Wereblood (quite dangerous; 32% risk of failure)
Confirm with . or Enter, or press ? or * to list all spells.
Okay, then.
Unknown command.
You climb downwards.
The frilled lizard bites you.
There is a stone staircase leading up here.
You hit the frilled lizard.
You kill the frilled lizard!
Your transformation is almost over.
The gnoll barely misses you. The gnoll misses you.
You bite the gnoll!
The gnoll is poisoned.
The gnoll is heavily wounded.
The gnoll closely misses you.
You hit the gnoll.
The gnoll is severely wounded.
The gnoll closely misses you. x2
You hit the gnoll but do no damage. The gnoll hits you with a +0 flail!
The gnoll barely misses you.
You hit the gnoll.
The gnoll is poisoned.
The gnoll is moderately wounded.
The gnoll closely misses you. The gnoll hits you with a +0 halberd!
* * * LOW HITPOINT WARNING * * *
The gnoll hits you from afar with a +0 halberd!
Ouch! That really hurt!
You die...

.. .# .. .# #. . #g
. #.#.## #..##.#..#
......g#.##
#...g..#
.#..##s.####
........<...###
...#...#.##....# #.
#.#.#..#....###.#.
.
..l...#.###........
#.
.#..#...#.####...
...###..##.....#
.....#.....##.##.##
#.#................


You could see 3 gnolls.

Vanquished Creatures
  A gnoll (D:1)
  An adder (D:2)
  A ball python (D:1)
  2 bats
  3 endoplasms
  A giant cockroach (D:1)
  A goblin (D:1)
  4 hobgoblins
  A kobold (D:1)
  4 quokkas (D:1)
  3 frilled lizards
  4 rats (D:1)
26 creatures vanquished.

Notes
Turn   | Place    | Note
-------+----------+-------------------------------------------
     0 | D:1      | testman the Octopode Transmuter began the quest for the
                  | Orb.
     0 | D:1      | Reached XP level 1. HP: 13/13 MP: 3/3
   345 | D:1      | Reached XP level 2. HP: 17/18 MP: 3/5
   767 | D:1      | Learned a level 2 spell: Wereblood
  1135 | D:2      | Reached XP level 3. HP: 24/24 MP: 4/6
  1333 | D:1      | Learned a level 3 spell: Spider Form
  1394 | D:2      | Mangled by a gnoll

Illustrated notes

Levels and vault maps discovered:
D:1:      sevenhm_arrival_forest_fort_small_1, layout_basic,
          minmay_misc_feat_plants, minmay_pentomino_x4
D:2:      layout_rooms, basic_altar, serial_shops, nicolae_shop_statue_plus,
          hangedman_decor_clover_reticule, kennysheep_generic_room_5

Skill      XL: |  1  2 |
---------------+-------+-----
Fighting       | 2 |  2.5
Dodging        | |  2.0
Unarmed Combat | |  3.8
Spellcasting   | |  2.0
Transmutations | |  2.0

Action                   || total
-------------------------++-------
Melee: Unarmed           ||    57
       Kick              ||    15
       Constrict         ||    10
       Punch             ||     2
       Tentacles         ||     8
 Cast: Beastly Appendage ||    15
       Spider Form       ||     1
 Stab: Sleeping          ||     1
Armor: Skin              ||     4
Dodge: Dodged            ||    28

Table legend: (Time is in decaauts)
 A = Elapsed time spent in this place.
 B = Non-inter-level travel time spent in this place.
 C = Inter-level travel time spent in this place.
 D = Time resting spent in this place.
 E = Time spent auto-exploring this place.
 F = Levels seen in this place.
 G = Mean time per level.
                   A        B        C        D        E       F      G
               +--------+--------+--------+--------+--------+-----+--------+
         Total |   1390 |   1368 |     22 |    507 |    658 |   2 |  695.0 |
       Dungeon |   1390 |   1368 |     22 |    507 |    658 |   2 |  695.0 |
               +--------+--------+--------+--------+--------+-----+--------+

Top non-repeatable levels by time:
     D:1: 1190 daAuts
     D:2: 200 daAuts
